 Dungeon Sprint DCSS version 0.21.0-24-g2553a33 (webtiles) character file.

60790 letownia2 the Wrestler (level 14, -19/217 (219) HPs)
             Began as a Troll Wizard on Jan 20, 2018.
             Was an Initiate of Gozag.
             Demolished by Gloorx Vloq (28 damage)
             ... in the Dungeon (Sprint II: "The Violet Keep of Menkaure").
             The game lasted 00:27:30 (2970 turns).

letownia2 the Wrestler (Troll Wizard)               Turns: 2970, Time: 00:27:30

HP:   -19/217 (219) AC: 16    Str: 24    XL:     14   Next: 58%
MP:   20/20         EV: 10    Int: 17    God:    Gozag
Gold: 1703          SH: 28    Dex: 10    Spells: 13/22 levels left

rFire    + + .     SeeInvis .     - Unarmed
rCold    + . .     Gourm    +   z - +9 large shield "Sudwidex" {rElec}
rNeg     . . .     Faith    .   c - +2 ice dragon scales
rPois    .         Spirit   .   b - +1 hat
rElec    +         Reflect  .   i - scarf {cloud immunity}
rCorr    .         Harm     .   (gloves unavailable)
MR       ++...     NoTele   +   (boots unavailable)
Stlth    ..........             y - amulet of the Commoners {RegenMP rElec rF+++ rC- MR+ Stlth-}
HPRegen  0.86/turn              f - +5 ring of slaying
MPRegen  0.42/turn              s - ring "Coseros" {Dex+2 Slay+5}

@: berserking, lethally poisoned (-19 -> -24), very slightly contaminated,
slowed
A: large, unfitting armour, claws 3, fast metabolism 3, gourmand, regeneration
1, shaggy fur 1, tough skin 2
a: Potion Petition, Call Merchant, Bribe Branch, Renounce Religion


You were in the Dungeon.
You worshipped Gozag.
Gozag was most pleased with you.
You were not hungry.

You visited 1 branch You collected 14191 gold pieces.
You spent 4692 gold pieces at shops.
You paid 7796 gold pieces to Gozag.

Inventory:

Missiles
 o - 2 throwing nets (quivered)
Armour
 b - a +1 hat (worn)
 c - +2 ice dragon scales (worn)
 e - the +1 shield of the New World {rPois rC+}
   (You bought it in a shop in the Dungeon)

   It protects you from cold.
   It protects you from poison.
 i - a scarf of cloud immunity (worn)
 k - the -1 hat of the Harvest {*Corrode rN+ Dex+2}
   (You acquired it in the Dungeon)

   It affects your dexterity (+2).
   It protects you from negative energy.
   It may corrode you when you take damage.
 z - the +9 large shield "Sudwidex" (worn) {rElec}
   (You acquired it in the Dungeon)

   It insulates you from electricity.
Jewellery
 f - a +5 ring of slaying (left claw)
 s - the ring "Coseros" (right claw) {Dex+2 Slay+5}
   (You bought it in a shop in the Dungeon)

   [ring of dexterity]

   It affects your dexterity (+2).
   It affects your accuracy and damage with ranged weapons and melee attacks
   (+5).
 x - the ring of Shadows {Umbra +Inv Stlth+}
   (You found it in the Dungeon)

   [ring of stealth]

   It lets you turn invisible.
   It makes you more stealthy.
 y - the amulet of the Commoners (around neck) {RegenMP rElec rF+++ rC- MR+ Stlth-}
   (You bought it in a shop in the Dungeon)

   [amulet of magic regeneration]

   It increases your magic regeneration.
   It renders you almost immune to fire.
   It makes you vulnerable to cold.
   It insulates you from electricity.
   It affects your resistance to hostile enchantments.
   It makes you less stealthy.
Scrolls
 l - 2 scrolls of enchant weapon
 n - 2 scrolls of identify
 r - 3 scrolls of remove curse
Potions
 d - 6 potions of flight
 g - 2 potions of haste
 h - 5 potions of magic
 p - 5 potions of curing
 q - a potion of brilliance
 t - 3 potions of resistance
 u - a potion of heal wounds
 v - a potion of ambrosia
 A - 3 potions of mutation {unknown}
Books
 B - Tipoum's Handbook of Evil Rites
   (You found it in the Dungeon)

   Spells                             Type                      Level
   a - Animate Skeleton               Necromancy                   1
   b - Pain                           Necromancy                   1
   c - Corpse Rot                     Necromancy                   2
   d - Dispel Undead                  Necromancy                   5
   e - Borgnjor's Vile Clutch         Necromancy/Earth             5
Miscellaneous
 m - a sack of spiders
 C - a lightning rod (4/4)
Comestibles
 w - 2 rations


   Skills:
 - Level 11.1 Fighting
 + Level 3.4 Armour
 - Level 8.2 Dodging
 - Level 1.0 Stealth
 + Level 13.3 Shields
 - Level 25.5 Unarmed Combat
 - Level 4.9 Spellcasting
 - Level 4.9 Conjurations
   Level 0.6 Summonings
 - Level 3.2 Translocations
 - Level 3.1 Fire Magic
 - Level 2.9 Air Magic
 - Level 3.2 Poison Magic


You had 13 spell levels left.
You knew the following spells:

 Your Spells              Type           Power        Failure   Level  Hunger
a - Magic Dart            Conj           ###.         8%          1    None
b - Blink                 Tloc           N/A          24%         2    #......
c - Conjure Flame         Conj/Fire      ###.....     34%         3    ###....
e - Mephitic Cloud        Conj/Pois/Air  ###.....     36%         3    ###....


Dungeon Overview and Level Annotations

Branches:
Dungeon (1/1)

Altars:
Cheibriados
Dithmenos
Elyvilon
Fedhas
Gozag
Hepliaklqana
Kikubaaqudgha
Makhleb
Nemelex Xobeh
Okawaru
Qazlal
Ru
Sif Muna
Trog
Uskayaw
Vehumet
Wu Jian
Xom
Yredelemnul
Zin
The Shining One
Beogh
Jiyva
Lugonu

Shops:
D }?[=:?=([[(!!![=?((}[=([[?}*:%:[*=*

Annotations:
D exclusions: obsidian statue and orange crystal statue, Gloorx Vloq, Lernaean hydra


Innate Abilities, Weirdness & Mutations

You are too large for most types of armour.
You have claws for hands.
Your metabolism is lightning-fast.
You like to eat raw meat.
Your natural rate of healing is unusually fast.
You are covered in fur. (AC +1)
You have very tough skin. (AC +2)


Message History

The Executioner barely misses you. The golden eye blinks at you.
You resist with almost no effort.
Unknown command.
Unknown command.
You mangle Gloorx Vloq!!
Gloorx Vloq is lightly wounded.
You feel sick. You block the Executioner's attack.
The Executioner closely misses you. You block the Executioner's attack.
The Executioner hits you.
* * * LOW HITPOINT WARNING * * *
The Executioner hits you but does no damage.
You block the Executioner's attack. The Executioner hits you!!
* * * LOW HITPOINT WARNING * * *
The Executioner hits you but does no damage.
The Executioner hits you.
* * * LOW HITPOINT WARNING * * *
Gloorx Vloq hits you!!
You die...
Your body crumbles into a pile of gold.

###### *********** #.|.[#
****▓▓▓*******
∩∩,∩∩+,+,,###.)[[##▓,,,..+,,,+$,*
###***,***#.(.§§..§▓,,,.M▓,,,*,**
..####+####....11&.▓,,,V.▓,*▓▓,**
.##§§≈§≈§§##⌠..1@#'▓▓*,G.▓,..▓,**
##≈§§≈§≈§§≈##..§§#.&▓▓▓'▓▓▓▓.▓$*$
+≈≈≈§≈8§§≈§§##++##...G§§.▓0..▓$,,
##§≈≈≈§§§§≈##§§..###.#.[.▓▓▓▓▓▓▓▓
≈##§§§§§§§##)§(...(#.#...▓≈≈≈≈≈§≈
≈≈#+++#+++#####(...#.##|)▓▓▓▓▓▓▓▓
≈≈.(((.....#[∩'..(^#..#)[▓..([)..
≈≈≈.##'##..#..####.#..#..▓..[[...
≈≈(##.#.##.####..'.##.#))▓..)..[.


You could see Gloorx Vloq and 3 Executioners.

Vanquished Creatures
  A golden dragon (D)
  A bone dragon (D)
  An electric golem (D)
  A kraken (D)
  A deep elf master archer (D)
  2 sphinxes (D)
  A storm dragon (D)
  Kirke (D)
  A draconian knight (D)
  A frost giant (D)
  A cacodemon (D)
  A crystal guardian (D)
  A great orb of eyes (D)
  A fire dragon (D)
  A yaktaur captain (D)
  A deep elf high priest (D)
  An ice dragon (D)
  An iron elemental (D)
  A centaur warrior (D)
  A death yak (D)
  2 hell hogs (D)
  An iron golem (D)
  A skeletal warrior (D)
  2 deep trolls (D)
  2 death drakes (D)
  2 unseen horrors (D)
  An oklob plant (D)
  3 manticores (D)
  An elephant (D)
  3 toenail golems (D)
  An ice statue (D)
  2 spiny frogs (D)
  A kobold demonologist (D)
  A yaktaur (D)
  3 polar bears (D)
  A hornet (D)
  3 slime creatures (D)
  5 hippogriffs (D)
  12 flying skulls (D)
  2 redbacks (D)
  2 wyverns (D)
  3 yaks (D)
  Menkaure (D)
  4 neqoxecs (D)
  3 soldier ants (D)
  2 swamp drakes (D)
  3 black bears (D)
  5 necrophages (D)
  4 crocodiles (D)
  2 earth elementals (D)
  An iron imp (D)
  A hell rat (D)
  4 worker ants (D)
  A spectral bat (D)
  6 tentacles (D)
112 creatures vanquished.

Vanquished Creatures (others)
  A crocodile (D)
  A spectral bat (D)
  7 tentacles (D)
9 creatures vanquished.

Grand Total: 121 creatures vanquished

Notes
Turn   | Place    | Note
-------+----------+-------------------------------------------
     0 | D        | letownia2 the Troll Wizard began the quest for the Orb.
     0 | D        | Reached XP level 1. HP: 16/16 MP: 2/2
     1 | D        | Noticed a necrophage
     1 | D        | Noticed a necrophage
     1 | D        | Noticed a necrophage
     1 | D        | Noticed a necrophage
     7 | D        | Killed a necrophage
     7 | D        | Reached skill level 6 in Unarmed Combat
     7 | D        | Reached XP level 2. HP: 31/31 MP: 4/4
     7 | D        | Reached XP level 3. HP: 38/38 MP: 5/5
     7 | D        | Reached XP level 4. HP: 47/47 MP: 6/6
    10 | D        | Killed a necrophage
    10 | D        | Reached skill level 8 in Unarmed Combat
    10 | D        | Reached XP level 5. HP: 54/54 MP: 7/7
    13 | D        | Killed a necrophage
    13 | D        | Reached skill level 5 in Fighting
    13 | D        | Reached skill level 9 in Unarmed Combat
    15 | D        | Killed a necrophage
    15 | D        | Reached skill level 10 in Unarmed Combat
    15 | D        | Reached XP level 6. HP: 67/67 MP: 8/8
    24 | D        | Learned a level 2 spell: Blink
    28 | D        | Learned a level 3 spell: Conjure Flame
    32 | D        | Learned a level 3 spell: Mephitic Cloud
    53 | D        | Noticed an orange crystal statue
    56 | D        | Found Kialoz's Food Boutique.
    56 | D        | Found Eduuju's Book Shop.
    57 | D        | Reached skill level 1 in Conjurations
    57 | D        | Reached skill level 1 in Translocations
    57 | D        | Reached skill level 1 in Fire Magic
    57 | D        | Reached skill level 1 in Air Magic
    57 | D        | Reached skill level 1 in Poison Magic
    58 | D        | Found Neil's Magic Scroll Boutique.
    58 | D        | Found Yzijiof's Gadget Shop.
    59 | D        | Found Kanaph's Antique Weapon Boutique.
    59 | D        | Found Petupp's Armour Shop.
    60 | D        | Found Damyggum's Gadget Boutique.
    61 | D        | Found Veynulul's Jewellery Shop.
    61 | D        | Found Pifen's Magic Scroll Boutique.
    62 | D        | Found Beang's Distillery.
    62 | D        | Found Lunwijiz's Distillery.
    62 | D        | Noticed a hell hog
    65 | D        | Found Nill's Antique Armour Boutique.
    65 | D        | Found Idikhlass's Antique Weapon Shop.
    65 | D        | Noticed a hell hog
    65 | D        | Noticed an oklob plant
    66 | D        | Found Qirivvic's Jewellery Shop.
    66 | D        | Found Boonlure's Antique Armour Boutique.
    66 | D        | Found Totiqix's Book Shoppe.
    75 | D        | Bought a scarf of cloud immunity for 98 gold pieces
    81 | D        | Noticed a redback
    83 | D        | Bought a potion of lignification for 42 gold pieces
    93 | D        | Bought a potion of lignification for 42 gold pieces
   120 | D        | Found a snail-covered altar of Cheibriados.
   120 | D        | Found a roughly hewn altar of Beogh.
   121 | D        | Found a shadowy altar of Dithmenos.
   121 | D        | Found a viscous altar of Jiyva.
   122 | D        | Found a white marble altar of Elyvilon.
   122 | D        | Found an ancient bone altar of Kikubaaqudgha.
   123 | D        | Found a blossoming altar of Fedhas.
   123 | D        | Found a corrupted altar of Lugonu.
   123 | D        | Found a deep blue altar of Sif Muna.
   124 | D        | Found an opulent altar of Gozag.
   124 | D        | Found a burning altar of Makhleb.
   124 | D        | Found a bloodstained altar of Trog.
   124 | D        | Found a hazy altar of Hepliaklqana.
   124 | D        | Found a sacrificial altar of Ru.
   124 | D        | Found a shimmering altar of Xom.
   125 | D        | Found a sparkling altar of Nemelex Xobeh.
   125 | D        | Found a hide-covered altar of Uskayaw.
   125 | D        | Found a basalt altar of Yredelemnul.
   126 | D        | Noticed Menkaure
   126 | D        | Found an iron altar of Okawaru.
   126 | D        | Found a radiant altar of Vehumet.
   126 | D        | Found a glowing silver altar of Zin.
   127 | D        | Found a stormy altar of Qazlal.
   127 | D        | Found an ornate altar of the Wu Jian Council.
   127 | D        | Found a glowing golden altar of the Shining One.
   130 | D        | Killed Menkaure
   133 | D        | Became a worshipper of Gozag Ym Sagoz the Greedy
   159 | D        | Reached XP level 7. HP: 67/75 MP: 9/9
   178 | D        | Noticed a hippogriff
   178 | D        | Noticed a hippogriff
   183 | D        | Killed a hippogriff
   187 | D        | Killed a hippogriff
   194 | D        | Noticed a flying skull
   194 | D        | Noticed a flying skull
   195 | D        | Noticed a flying skull
   195 | D        | Noticed a flying skull
   195 | D        | Noticed a flying skull
   195 | D        | Noticed a flying skull
   196 | D        | Noticed a flying skull
   196 | D        | Noticed a flying skull
   196 | D        | Noticed a flying skull
   197 | D        | Noticed a flying skull
   220 | D        | Noticed a neqoxec
   221 | D        | Noticed a neqoxec
   228 | D        | Killed a neqoxec
   228 | D        | Reached XP level 8. HP: 82/83 MP: 12/12
   261 | D        | Noticed a flying skull
   262 | D        | Noticed a flying skull
   304 | D        | Killed a flying skull
   304 | D        | Reached skill level 11 in Unarmed Combat
   309 | D        | Killed a flying skull
   309 | D        | Reached skill level 12 in Unarmed Combat
   314 | D        | Killed a flying skull
   319 | D        | Killed a flying skull
   319 | D        | Reached skill level 13 in Unarmed Combat
   324 | D        | Killed a flying skull
   324 | D        | Reached XP level 9. HP: 89/89 MP: 14/14
   326 | D        | Reached skill level 14 in Unarmed Combat
   333 | D        | Reached skill level 15 in Unarmed Combat
   340 | D        | Reached skill level 16 in Unarmed Combat
   396 | D        | Noticed Kirke
   396 | D        | Noticed a kobold demonologist
   396 | D        | Noticed a skeletal warrior
   397 | D        | Noticed a yaktaur captain
   398 | D        | Noticed an elephant
   418 | D        | Noticed a sphinx
   422 | D        | Killed a skeletal warrior
   427 | D        | Noticed a manticore
   428 | D        | Killed Kirke
   428 | D        | Reached skill level 18 in Unarmed Combat
   428 | D        | Reached XP level 10. HP: 44/100 MP: 6/15
   430 | D        | Noticed a rust devil
   431 | D        | Noticed a soul eater
   431 | D        | Killed a yaktaur captain
   431 | D        | Reached skill level 19 in Unarmed Combat
   431 | D        | Killed an elephant
   568 | D        | Noticed a centaur warrior
   570 | D        | Killed an unseen horror
   592 | D        | Killed a centaur warrior
   592 | D        | Reached skill level 20 in Unarmed Combat
   701 | D        | Bought the +1 shield of the New World {rPois rC+} for 415 gold pieces
   708 | D        | Reached skill level 1 in Shields
   714 | D        | Reached XP level 11. HP: 87/107 MP: 16/16
   725 | D        | Noticed a great orb of eyes
   747 | D        | Killed a great orb of eyes
   747 | D        | Reached skill level 5 in Shields
   808 | D        | Noticed an ice dragon
   813 | D        | Bought a potion of lignification for 42 gold pieces
   841 | D        | Killed an ice dragon
  1009 | D        | Noticed a storm dragon
  1009 | D        | Noticed a golden dragon
  1009 | D        | Noticed a cacodemon
  1010 | D        | Noticed a deep elf high priest
  1010 | D        | Noticed a frost giant
  1011 | D        | Noticed a bone dragon
  1020 | D        | Killed a cacodemon
  1030 | D        | Killed a storm dragon
  1040 | D        | Killed a frost giant
  1040 | D        | Reached skill level 5 in Dodging
  1047 | D        | Killed a bone dragon
  1047 | D        | Reached skill level 10 in Shields
  1047 | D        | Reached XP level 12. HP: 87/124 MP: 13/17
  1056 | D        | Killed a golden dragon
  1056 | D        | Reached skill level 10 in Fighting
  1072 | D        | Killed a deep elf high priest
  1216 | D        | Found Ipsuammi's Gadget Emporium.
  1216 | D        | Found Pilaff's Magic Scroll Shop.
  1217 | D        | Found Poekh's Magic Scroll Shop.
  1217 | D        | Found Pipn's Armour Shoppe.
  1217 | D        | Found Xanaghie's Distillery.
  1217 | D        | Found Yculor's Weapon Emporium.
  1217 | D        | Found Cipyulep's Antique Armour Shop.
  1217 | D        | Found Fulah's Jewellery Shoppe.
  1217 | D        | Found Qicloguh's Weapon Boutique.
  1217 | D        | Found Qaockula's Armour Emporium.
  1217 | D        | Found Qutod's Antique Weapon Shop.
  1217 | D        | Found Unit's Jewellery Shoppe.
  1231 | D        | Bought a +5 ring of slaying for 1250 gold pieces
  1237 | D        | Bought a scroll of identify for 26 gold pieces
  1304 | D        | Noticed a yellow draconian knight
  1312 | D        | Noticed the 27-headed Lernaean hydra
  1326 | D        | Reached skill level 21 in Unarmed Combat
  1337 | D        | Killed a hell hog
  1452 | D        | Killed a hell hog
  1529 | D        | Killed a yellow draconian knight
  1577 | D        | Reached skill level 22 in Unarmed Combat
  1836 | D        | Bought a ration for 55 gold pieces
  1872 | D        | Noticed a kraken
  1894 | D        | Found the ring of Shadows {Umbra +Inv Stlth+}
  1988 | D        | Reached XP level 13. HP: 135/135 MP: 17/19
  2007 | D        | Killed a kraken
  2007 | D        | Reached skill level 23 in Unarmed Combat
  2034 | D        | Reached XP level 14. HP: 144/144 MP: 14/20
  2075 | D        | Bought a scroll labeled VIN MYCOIMON for 27 gold pieces
  2078 | D        | Got a crude hat
  2089 | D        | Identified the -1 hat of the Harvest {*Corrode rN+ Dex+2} (You acquired it in the Dungeon)
  2102 | D        | Noticed a sphinx
  2103 | D        | Noticed a sphinx
  2113 | D        | Killed a sphinx
  2118 | D        | Killed a sphinx
  2118 | D        | Reached skill level 24 in Unarmed Combat
  2273 | D        | Noticed a deep elf master archer
  2287 | D        | Reached skill level 25 in Unarmed Combat
  2318 | D        | Bought the ring "Coseros" {Dex+2 Slay+5} for 426 gold pieces
  2387 | D        | Bought a ration for 55 gold pieces
  2387 | D        | Bought a ration for 55 gold pieces
  2387 | D        | Bought a ration for 55 gold pieces
  2429 | D        | Bought the amulet of the Commoners {RegenMP rElec rF+++ rC- MR+ Stlth-} for 914 gold pieces
  2438 | D        | Killed a deep elf master archer
  2605 | D        | Reached skill level 1 in Armour
  2694 | D        | Identified the Grimoire of the Dark Glacier
  2713 | D        | Got an ichor-stained large shield
  2724 | D        | Identified the +9 large shield "Sudwidex" {rElec} (You acquired it in the Dungeon)
  2748 | D        | Noticed an electric golem
  2770 | D        | Killed an electric golem
  2882 | D        | Bought +2 ice dragon scales for 1080 gold pieces
  2894 | D        | Bought a ration for 55 gold pieces
  2894 | D        | Bought a ration for 55 gold pieces
  2945 | D        | Identified Tipoum's Handbook of Evil Rites
  2949 | D        | Got a translucent hand axe
  2952 | D        | Identified the +6 hand axe "Kecsek" {venom, +Blink} (You found it in the Dungeon)
  2960 | D        | Noticed a greater mummy
  2960 | D        | Noticed Gloorx Vloq
  2961 | D        | Noticed a vampire knight
  2966 | D        | Noticed an Executioner
  2966 | D        | Noticed an Executioner
  2966 | D        | Noticed an Executioner
  2970 | D        | HP: 9/217 [Executioner[Gloorx Vloq] (4)]
  2970 | D        | Demolished by Gloorx Vloq

Skill      XL: |  1  2  3  4  5  6  7  8  9 10 11 12 13 14 |
---------------+-------------------------------------------+-----
Fighting       | 3 4 6 9 10 11 | 11.1
Unarmed Combat | 6 8 10 13 18 20 22 23 25 | 25.5
Conjurations   | 2 3 4 |  4.9
Translocations | 2 3 |  3.2
Fire Magic     | 1 3 |  3.1
Air Magic      | 1 2 |  2.9
Poison Magic   | 1 3 |  3.2
Spellcasting   | 3 4 |  4.9
Shields        | 2 10 11 13 | 13.3
Dodging        | 6 8 |  8.2
Armour         | 3 |  3.4
Stealth        | |  1.0
Summonings     | |  0.6

Action                   |  1- 3 |  4- 6 |  7- 9 | 10-12 | 13-15 || total
-------------------------+-------+-------+-------+-------+-------++-------
Melee: Unarmed           |     5 |    14 |    87 |   203 |   138 ||   447
       Punch             |       |     1 |     2 |     1 |       ||     4
 Cast: Conjure Flame     |       |       |     4 |     4 |     8 ||    16
       Mephitic Cloud    |       |       |     3 |    10 |     3 ||    16
       Blink             |       |       |       |     2 |     1 ||     3
Invok: Call Merchant     |       |       |     1 |     3 |     3 ||     7
       Potion Petition   |       |       |       |     2 |     1 ||     3
  Use: Potion            |     1 |       |     3 |     5 |     3 ||    12
       Scroll            |       |       |       |     6 |     8 ||    14
 Stab: Sleeping          |       |     1 |       |       |       ||     1
       Distracted        |       |       |     3 |     1 |     1 ||     5
       Confused          |       |       |       |       |     1 ||     1
  Eat: Ration            |       |       |     1 |     4 |     4 ||     9
Armor: Robe              |       |     2 |     4 |     9 |     5 ||    20
       Skin              |       |       |    40 |    35 |       ||    75
       Ice dragon scales |       |       |       |       |     9 ||     9
Dodge: Dodged            |     1 |     4 |    21 |    21 |    31 ||    78
Block: Shield            |       |       |       |    73 |    42 ||   115
       Large shield      |       |       |       |       |    37 ||    37
